 Dungeon Crawl Stone Soup version 0.29.0-7-g18a832c13a (webtiles) character file.

Game seed: 2426634593745547690

123 gelatine the Shooter (level 4, -2/34 HPs)
             Began as a Demonspawn Hunter on Aug 31, 2022.
             Was an Initiate of Yredelemnul.
             Slain by an ogre
             ... wielding a +0 giant club
              (15 damage)
             ... on level 4 of the Dungeon.
             The game lasted 00:09:36 (2789 turns).

gelatine the Shooter (Demonspawn Hunter)            Turns: 2789, Time: 00:09:38

Health: -2/34      AC: 10    Str: 11    XL:     4   Next: 80%
Magic:  4/4        EV: 16    Int: 12    God:    Yredelemnul [......]
Gold:   199        SH:  0    Dex: 23    Spells: 4/4 levels left

rFire   . . .      SeeInvis .   a - +0 shortbow
rCold   . . .      Faith    .   (shield currently unavailable)
rNeg    . . .      Spirit   .   c - +0 leather armour
rPois   .          Reflect  .   (no helmet)
rElec   .          Harm     .   (no cloak)
rCorr   .          Rampage  .   (no gloves)
Will    .....                   o - +0 pair of boots
Stlth   ++........              (no amulet)
HPRegen 0.11/turn               k - +4 ring of evasion
MPRegen 0.09/turn               n - +6 ring of dexterity

@: sanguine armoured
A: sanguine armour 1
a: Renounce Religion, Recall Undead Harvest


You were on level 4 of the Dungeon.
You worshipped Yredelemnul.
Yredelemnul was noncommittal.
You visited 1 branch of the dungeon, and saw 4 of its levels.

You collected 199 gold pieces.

Inventory:

Hand Weapons
 a - a +0 shortbow (weapon)
 x - a +1 mace of protection
Missiles
 q - 5 javelins
Armour
 c - a +0 leather armour (worn)
 o - a +0 pair of boots (worn)
Magical Staves
 y - a staff of cold
Jewellery
 k - a +4 ring of evasion (left hand)
 n - a +6 ring of dexterity (right hand)
 t - a ring of willpower
 w - a ring of resist corrosion
Scrolls
 b - 2 scrolls of immolation
 e - 2 scrolls of identify {unknown}
 g - a scroll of amnesia {unknown}
 j - 3 scrolls of teleportation {unknown}
 l - 3 scrolls of blinking {unknown}
 m - a scroll of poison {unknown}
 r - a scroll of fear {unknown}
 s - a scroll of butterflies {unknown}
 u - a scroll of vulnerability {unknown}
 z - a scroll of magic mapping {unknown}
Potions
 d - 4 potions of curing {unknown}
 f - 3 potions of mutation {unknown}
 h - a potion of attraction {unknown}
 i - 2 potions of degeneration {unknown}
 p - a potion of berserk rage {unknown}
 v - 2 potions of brilliance {unknown}


   Skills:
 + Level 2.4 Fighting
 + Level 5.1 Ranged Weapons
 + Level 0.7 Armour
 + Level 1.8 Dodging
 + Level 0.8 Stealth
 * Level 0.5 Spellcasting
 * Level 1.3 Invocations


You had 4 spell levels left.
You didn't know any spells.
Your spell library contained the following spells:

 Spells                   Type           Power      Damage    Failure   Level
 Sublimation of Blood     Necr           0%         N/A       54%         2
 Wereblood                Tmut           0%         N/A       54%         2
 Summon Hydra             Summ           0%         N/A       100%        7


Dungeon Overview and Level Annotations

Branches:
Dungeon (4/15)
 Temple: D:4-7

Altars:
Yredelemnul

Shops:
D:1 =


Innate Abilities, Weirdness & Mutations

When seriously injured, your blood forms armour. (AC +6)


Message History

The quokka barely misses your hound zombie.
Your hound zombie barely misses the quokka.
The ogre closely misses you.
The quokka twitches its whiskers.
The quokka closely misses your hound zombie.
You shoot an arrow. The arrow barely misses the ogre.
Your hound zombie barely misses the quokka.
The ogre misses you. The quokka bites your hound zombie.
Your hound zombie barely misses the quokka.
You shoot an arrow. The arrow hits the ogre.
The ogre is heavily wounded.
Your hound zombie completely misses the quokka.
The quokka barely misses your hound zombie.
The ogre misses you.
Your hound zombie bites the quokka but does no damage.
The quokka bites your hound zombie.
You shoot an arrow. The arrow barely misses the ogre.
Your hound zombie misses the quokka.
The quokka closely misses your hound zombie.
The ogre hits you with a +0 giant club!!
Ouch! That really hurt!
Your blood congeals into armour.
Your hound zombie bites the quokka.
You are too injured to fight recklessly!
You don't know any spells.
Fire: a) +0 shortbow
Press: ? - help, Q - select action, (/) - cycle Shift-Dir - straight line, f/p - ogre
Aim: an ogre, wielding a +0 giant club (heavily wounded, 79% to hit)
You shoot an arrow. The arrow completely misses the ogre.
The quokka bites your hound zombie.
Your hound zombie barely misses the quokka.
The quokka bites your hound zombie.
Your hound zombie is destroyed!
Fire: a) +0 shortbow
Press: ? - help, Q - select action, (/) - cycle Shift-Dir - straight line, f/p - ogre
Aim: an ogre, wielding a +0 giant club (heavily wounded, 79% to hit)
You shoot an arrow. The arrow hits the ogre.
The ogre is severely wounded.
The ogre hits you with a +0 giant club!
You die...
Your body rises from the dead as a mindless zombie.

###### ####### # #....#
#.....#
#########....#####.###.#
........+....'........>#
.########....#####'###+##
.............##.@.........
.............##.O.......##
.............##.$.......#
#............##.........#
#............##.....r...#
#..........####.........#
#..........# #.........#
#..........# #.........#
#..........#


You could see an ogre and a quokka.

Vanquished Creatures
  A hound (D:4)
  An adder (D:3)
  2 worms
  4 dart slugs
  3 orcs (D:3)
  4 endoplasms
  4 giant cockroaches
  3 goblins
  8 hobgoblins
  2 jackals (D:2)
  3 kobolds
  2 ball pythons
  3 bats
  3 frilled lizards (D:2)
  3 rats
46 creatures vanquished.

Vanquished Creatures (collateral kills)
  A worm (D:3)
  A ball python (D:4)
  4 endoplasms
  A goblin (D:2)
  A hobgoblin (D:2)
  A jackal (D:2)
  2 rats
11 creatures vanquished.

Vanquished Creatures (others)
  A hound zombie (D:4)
  A giant cockroach zombie (D:4)
  A hobgoblin zombie (D:2)
3 creatures vanquished.

Grand Total: 60 creatures vanquished

Notes
Turn   | Place    | Note
-------+----------+-------------------------------------------
     0 | D:1      | gelatine the Demonspawn Hunter began the quest for the Orb.
     0 | D:1      | Reached XP level 1. HP: 16/16 MP: 1/1
   147 | D:1      | Found Omaq's Jewellery Emporium.
   173 | D:1      | Gained mutation: When seriously injured, your blood forms
                  | armour. (AC +6) [demonic ancestry]
   173 | D:1      | Reached XP level 2. HP: 22/22 MP: 2/2
   354 | D:1      | Found a faded altar of an unknown god.
   361 | D:1      | Prayed at the altar of an unknown god.
   361 | D:1      | Became a worshipper of Yredelemnul the Dark
   361 | D:1      | Reached * piety under Yredelemnul
   597 | D:1      | Reached skill level 4 in Ranged Weapons
   919 | D:2      | Reached ** piety under Yredelemnul
   920 | D:2      | Reached XP level 3. HP: 21/27 MP: 3/3
  2039 | D:3      | Reached XP level 4. HP: 34/34 MP: 4/4
  2744 | D:4      | Reached skill level 1 in Invocations
  2748 | D:4      | Reached skill level 5 in Ranged Weapons
  2778 | D:4      | Noticed an ogre
  2789 | D:4      | Slain by an ogre

Illustrated notes

Levels and vault maps discovered:
D:1:      mainiacjoe_arrival_reflecting_pool, layout_loops_ring,
          ebering_ecumenical_altar_webs, serial_shops, shop
D:2:      layout_basic
D:3:      layout_basic
D:4:      layout_basic

Skill      XL: |  1  2  3  4 |
---------------+-------------+-----
Ranged Weapons | 4 5 |  5.1
Invocations    | 1 |  1.3
Fighting       | |  2.4
Armour         | |  0.7
Dodging        | |  1.8
Stealth        | |  0.8
Spellcasting   | |  0.5

Action                   |  1- 3 |  4- 6 || total
-------------------------+-------+-------++-------
 Fire: Shortbow          |   104 |    41 ||   145
Invok: Dark Bargain      |       |     1 ||     1
Armor: Leather armour    |    12 |     1 ||    13
Dodge: Dodged            |    25 |     6 ||    31
